 Dungeon Crawl Stone Soup version 0.28.0-1-gb440e238dd (webtiles) character file.

Game seed: 3321982547714961867

990 H0rd4k the Thaumaturge (level 7, -2/37 HPs)
             Began as a Deep Elf Hedge Wizard on Feb 21, 2022.
             Slain by a black bear (10 damage)
             ... on level 5 of the Dungeon.
             The game lasted 00:08:56 (6692 turns).

H0rd4k the Thaumaturge (Deep Elf Hedge Wizard)      Turns: 6692, Time: 00:08:57

Health: -2/37      AC:  2    Str:  7    XL:     7   Next: 98%
Magic:  2/22       EV: 13    Int: 21    God:
Gold:   87         SH:  0    Dex: 14    Spells: 16/25 levels left

rFire   . . .      SeeInvis .   a - +0 dagger
rCold   . . .      Faith    .   (no shield)
rNeg    . . .      Spirit   .   b - +0 robe
rPois   .          Reflect  .   c - +0 hat
rElec   .          Harm     .   (no cloak)
rCorr   .          Rampage  .   (no gloves)
Will    .....                   (no boots)
Stlth   ++........              (no amulet)
HPRegen 0.12/turn               (no ring)
MPRegen 0.18/turn               (no ring)

@: on blink cooldown
A: no striking features
a: no special abilities


You were on level 5 of the Dungeon.
You visited 1 branch of the dungeon, and saw 5 of its levels.
You also visited: Ossuary.

You collected 87 gold pieces.

Inventory:

Hand Weapons
 a - a +0 dagger (weapon)
Armour
 b - a +0 robe (worn)
 c - a +0 hat (worn)
 p - an orb of light
Scrolls
 f - 5 scrolls of identify {unknown}
 g - a scroll of teleportation {unknown}
 h - a scroll of silence {unknown}
 i - a scroll of enchant weapon {unknown}
 k - 2 scrolls of enchant armour {unknown}
Potions
 d - 3 potions of lignification {unknown}
 e - 2 potions of berserk rage {unknown}
 j - a potion of degeneration {unknown}
 l - 4 potions of curing {unknown}
 m - a potion of magic {unknown}
 n - a potion of brilliance {unknown}
 o - a potion of attraction {unknown}


   Skills:
 + Level 0.4 Fighting
 + Level 3.2 Dodging
 - Level 2.4 Stealth
 + Level 9.7 Spellcasting
 + Level 5.5 Conjurations
 + Level 1.3 Summonings
 + Level 2.0 Translocations
 - Level 1.2 Fire Magic
 - Level 1.2 Air Magic
 - Level 1.3 Poison Magic


You had 16 spell levels left.
You knew the following spells:

 Your Spells              Type           Power      Damage    Failure   Level
a - Magic Dart            Conj           100%       1d8       1%          1
b - Blink                 Tloc           36%        N/A       4%          2
c - Conjure Flame         Conj/Fire      24%        6-21      4%          3
d - Mephitic Cloud        Conj/Pois/Air  21%        N/A       7%          3

Your spell library contained the following spells:

 Spells                   Type           Power      Damage    Failure   Level
 Call Imp                 Summ           15%        N/A       6%          2
 Scorch                   Fire           30%        2d6       6%          2
 Slow                     Hex            40%        N/A       7%          1
 Flame Wave               Conj/Fire      24%        2d7       17%         4
 Summon Cactus Giant      Summ           7%         N/A       99%         6


Dungeon Overview and Level Annotations

Branches:
Dungeon (5/15)            Ossuary (visited)
 Temple: D:4-7

Altars:
Okawaru
Vehumet

Shops:
D:1 [

Annotations:
D:3 exclusion: downstairs
D:4 1 runed translucent door, Crazy Yiuf, Eustachio


Message History

The magic dart hits the black bear.
The black bear is lightly wounded.
The magic dart hits the black bear but does no damage.
The black bear is lightly wounded.
The magic dart hits the black bear.
The black bear is moderately wounded.
The magic dart hits the black bear.
The black bear is moderately wounded.
The black bear is engulfed in blazing flames.
The black bear goes berserk!
The black bear misses you. The black bear claws you. x2
The magic dart hits the black bear.
The black bear is almost dead.
The black bear closely misses you.
The black bear claws you but does no damage.
The black bear claws you. The black bear bites you!
The black bear barely misses you. The black bear closely misses you.
Casting: Magic Dart (safe; 1% risk of failure)
Confirm with . or Enter, or press ? or * to list all spells.
You blink.
Casting: Blink (safe; 4% risk of failure)
Confirm with . or Enter, or press ? or * to list all spells.
The fire begins to smoulder!
You feel stable enough to blink again.
The black bear rages.
The black bear smothers the flame.
Casting: Conjure Flame (dangerous; 4% risk of failure)
Confirm with . or Enter, or press ? or * to list all spells.
You blink.
The dart slug launches a dart at you. The slug dart hits you.
The black bear closely misses you. The black bear claws you.
* * * LOW HITPOINT WARNING * * *
The black bear claws you.
* * * LOW HITPOINT WARNING * * *
Casting: Blink (safe; 4% risk of failure)
Confirm with . or Enter, or press ? or * to list all spells.
You are still too unstable to blink.
The black bear bites you!
You die...

....##.#..............#
.................#.##..#
....#...#'#......#.# ...#
........#.#........# ##.#
......###.###......# ...
....#.+.....'....### #.. #
#####.###.###...## ..w.
#...#.#......# ...
#...#+#....h@# ...#
##............# ..>.#
#............w######.....#
#.......ยง................#
#..............#####.....#
##..........#### ....#
##.....###### h..#
#.......# ..# #.......# ##


You could see a black bear (berserk) and a dart slug.

Vanquished Creatures
  A black bear (D:5)
  An ice beast (D:4)
  A necrophage (D:5)
  An ogre (D:3)
  2 elf zombies (Ossuary)
  2 scorpions
  A hound (D:4)
  2 human zombies (Ossuary)
  A jelly (D:5)
  An orc wizard (D:3)
  Natasha (thrice) (D:2)
  2 mummies (Ossuary)
  3 adders
  An adder skeleton (D:4)
  3 adder zombies (Ossuary)
  2 worms
  2 dart slugs
  5 orcs
  3 ball pythons
  4 bats
  2 endoplasms
  A giant cockroach (D:3)
  4 goblins
  8 hobgoblins
  11 jackals
  A quokka (D:2)
  2 frilled lizards
  2 goblin zombies (Ossuary)
  12 hobgoblin zombies (Ossuary)
  8 kobolds
  7 kobold zombies (Ossuary)
  8 orc zombies (Ossuary)
  2 rats
  A rat zombie (Ossuary)
110 creatures vanquished.

Vanquished Creatures (others)
  3 withered plants (D:5)
3 creatures vanquished.

Grand Total: 113 creatures vanquished

Notes
Turn   | Place    | Note
-------+----------+-------------------------------------------
     0 | D:1      | H0rd4k the Deep Elf Hedge Wizard began the quest for the
                  | Orb.
     0 | D:1      | Reached XP level 1. HP: 10/10 MP: 7/7
     6 | D:1      | Noticed a komodo dragon
     6 | D:1      | Noticed a black bear
     6 | D:1      | Noticed a wolf
     7 | D:1      | Noticed a swamp worm
     7 | D:1      | Noticed an anaconda
   395 | D:1      | Reached XP level 2. HP: 15/15 MP: 4/9
   439 | D:1      | Found a faded altar of an unknown god.
   466 | D:1      | Found Didghor's Armour Shoppe.
   596 | D:1      | Reached skill level 5 in Spellcasting
  1396 | D:2      | Noticed Natasha
  1405 | D:2      | Killed Natasha
  1406 | D:2      | Reached XP level 3. HP: 14/19 MP: 2/12
  1409 | D:2      | Learned a level 2 spell: Blink
  1413 | D:2      | Learned a level 3 spell: Conjure Flame
  1417 | D:2      | Learned a level 3 spell: Mephitic Cloud
  1600 | D:2      | Noticed Natasha
  1608 | D:2      | Killed Natasha
  1609 | D:2      | Reached skill level 6 in Spellcasting
  1609 | D:2      | Reached XP level 4. HP: 21/24 MP: 3/14
  1746 | D:2      | Noticed Natasha
  1755 | D:2      | Killed Natasha
  2763 | D:3      | Reached XP level 5. HP: 28/28 MP: 12/16
  3208 | D:3      | Noticed an ogre
  3221 | D:3      | Killed an ogre
  3222 | D:3      | Reached skill level 7 in Spellcasting
  3222 | D:3      | Reached skill level 1 in Fire Magic
  3222 | D:3      | Reached skill level 1 in Air Magic
  3222 | D:3      | Reached skill level 1 in Poison Magic
  3415 | D:3      | Reached XP level 6. HP: 32/32 MP: 10/18
  3845 | D:4      | Noticed an ice beast
  4561 | D:4      | Found a runed translucent door.
  4562 | D:4      | Noticed Crazy Yiuf
  4654 | D:4      | Killed an ice beast
  4655 | D:4      | Reached skill level 8 in Spellcasting
  5085 | D:4      | Found an iron altar of Okawaru.
  5085 | D:4      | Found a radiant altar of Vehumet.
  5151 | D:4      | Noticed Eustachio
  5161 | D:5      | Entered Level 5 of the Dungeon
  5173 | D:5      | Reached XP level 7. HP: 36/36 MP: 10/20
  5274 | D:5      | Found a sand-covered staircase.
  5280 | Ossuary  | Entered an ossuary
  5998 | Ossuary  | Reached skill level 9 in Spellcasting
  6081 | Ossuary  | Reached skill level 5 in Conjurations
  6692 | D:5      | Slain by a black bear

Illustrated notes

Levels and vault maps discovered:
D:1:      onia_arrival_zoo_common, layout_rooms, serial_shops,
          nicolae_shop_waterfront, nicolae_ecumenical_lake_church,
          kennysheep_small_spiral
D:2:      layout_basic, minmay_misc_feat_x, chequers_serial_rivers_small_3,
          uniq_natasha
D:3:      layout_basic
D:4:      layout_gridville, gammafunk_temple_overflow_statue,
          uniq_crazy_yiuf_cottage, uniq_eustachio
D:5:      layout_rooms, grunt_temple_overflow_growth_and_decay,
          nicolae_ossuary_entry_plus, ebering_ghost_disaster_area

Skill      XL: |  1  2  3  4  5  6  7 |
---------------+----------------------+-----
Spellcasting   | 5 6 7 8 9 |  9.7
Conjurations   | 2 3 4 5 |  5.5
Fire Magic     | 1 |  1.2
Air Magic      | 1 |  1.2
Poison Magic   | 1 |  1.3
Dodging        | 3 |  3.2
Translocations | 2 |  2.0
Fighting       | |  0.4
Stealth        | |  2.4
Summonings     | |  1.3

Action                   |  1- 3 |  4- 6 |  7- 9 || total
-------------------------+-------+-------+-------++-------
Melee: Dagger            |       |       |     3 ||     3
 Cast: Magic Dart        |    77 |   168 |   126 ||   371
       Conjure Flame     |       |     7 |    24 ||    31
       Blink             |       |     4 |     6 ||    10
       Mephitic Cloud    |       |     2 |       ||     2
  Use: Potion            |       |       |     1 ||     1
Armor: Robe              |     1 |     3 |    11 ||    15
Dodge: Dodged            |     7 |    18 |    47 ||    72
